 Dungeon Crawl Stone Soup version 0.29.1-15-g9cfb28693d (webtiles) character file.

Game seed: 12348608246570898856

15146 Eitelfritz the Grappler (level 11, -6/102 HPs)
             Began as a Troll Fighter on Mar 25, 2023.
             Was a High Priest of Jiyva.
             Mangled by a red devil
             ... wielding a +1 trident of protection
             ... summoned by a kobold demonologist
              (22 damage)
             ... on level 11 of the Dungeon.
             The game lasted 00:25:47 (8383 turns).

Eitelfritz the Grappler (Troll Fighter)             Turns: 8383, Time: 00:25:47

Health: -6/102     AC:  1    Str: 26    XL:     11   Next: 98%
Magic:  10/10      EV: 12    Int:  8    God:    Jiyva [*****.]
Gold:   394        SH:  9    Dex:  9    Spells: 10/10 levels left

rFire   . . .      SeeInvis +     - Unarmed
rCold   . . .      Faith    .   b - +0 kite shield
rNeg    . . .      Spirit   .   P - +0 steam dragon scales
rPois   .          Reflect  .   (helmet restricted)
rElec   .          Harm     .   t - +2 cloak
rCorr   +          Rampage  .   (gloves unavailable)
Will    +....      Clarity  +   (boots unavailable)
Stlth   ++........              W - amulet of regeneration
HPRegen 3.31/turn               T - ring of willpower
MPRegen 0.57/turn               (no ring)

@: about to teleport, spiked, corroded
A: large, unfitting armour, claws 3, regeneration 1, shaggy fur 2, tough skin 1,
clarity, eyeballs 3, gelatinous body 1, pseudopods 3
a: Renounce Religion, Oozemancy, Slimify


You were on level 11 of the Dungeon.
You worshipped Jiyva.
Jiyva was extremely pleased with you.
You visited 2 branches of the dungeon, and saw 12 of its levels.
You also visited: Sewer and Gauntlet.

You collected 499 gold pieces.
You spent 105 gold pieces at shops.

Inventory:

Hand Weapons
 a - a +1 vorpal sling
 f - a +0 giant spiked club
 u - a +0 flail of protection
 y - a +2 mace of holy wrath
 C - a +2 hammer of protection
Missiles
 j - 26 poisoned darts (quivered)
 F - 2 curare-tipped darts
 G - 2 javelins
 Z - 4 silver javelins
Armour
 b - a +0 kite shield (worn)
 t - a +2 cloak (worn)
 P - +0 steam dragon scales (worn)
 R - a +1 robe of cold resistance
Jewellery
 g - a ring of magical power
 E - a +6 ring of intelligence
 I - a ring of see invisible
 N - a ring of wizardry
 T - a ring of willpower (left claw)
 W - an amulet of regeneration (around neck)
 X - an amulet of guardian spirit
Wands
 e - a wand of roots (18)
 m - a wand of digging (15)
 v - a wand of paralysis (14)
 w - a wand of polymorph (21)
 D - a wand of flame (72)
 H - a wand of mindburst (11)
 V - a wand of acid (4)
Scrolls
 i - a scroll of enchant armour
 k - 3 scrolls of amnesia
 x - 2 scrolls of butterflies
 z - 3 scrolls of poison
 A - a scroll of brand weapon
 J - 2 scrolls of magic mapping
 L - a scroll of summoning
 M - a scroll of teleportation
 Q - a scroll of immolation {unknown}
 S - a scroll of fear {unknown}
 U - a scroll of enchant weapon {unknown}
 Y - a scroll of noise {unknown}
Potions
 c - 2 potions of might
 d - a potion of resistance {unknown}
 h - 2 potions of lignification {unknown}
 l - 2 potions of heal wounds
 n - 4 potions of brilliance
 o - 5 potions of magic
 p - 2 potions of berserk rage {unknown}
 q - a potion of cancellation {unknown}
 r - 3 potions of mutation {unknown}
 s - 4 potions of haste {unknown}
 B - 2 potions of attraction {unknown}
 K - 2 potions of flight
 O - 3 potions of curing


   Skills:
 + Level 5.1 Fighting
 + Level 8.4 Dodging
 + Level 3.2 Stealth
 + Level 8.2 Shields
 + Level 13.0 Unarmed Combat


You had 10 spell levels left.
You didn't know any spells.
Your spell library contained the following spells:

 Spells                   Type           Power      Damage    Failure   Level
 Apportation              Tloc           0%         N/A       65%         1
 Sandblast                Erth           0%         2d4       65%         1
 Summon Small Mammal      Summ           0%         N/A       65%         1
 Ensorcelled Hibernation  Hex/Ice        0%         N/A       78%         2
 Passwall                 Tmut/Erth      0%         N/A       78%         2
 Sublimation of Blood     Necr           0%         N/A       78%         2
 Call Canine Familiar     Summ           0%         N/A       95%         3
 Gell's Gravitas          Tloc           0%         N/A       95%         3
 Ignite Poison            Fire/Tmut/Pois 0%         N/A       95%         3
 Lesser Beckoning         Tloc           0%         N/A       95%         3
 Portal Projectile        Hex/Tloc       0%         N/A       95%         3
 Spider Form              Tmut/Pois      0%         N/A       95%         3
 Stone Arrow              Conj/Erth      0%         3d7       95%         3
 Summon Guardian Golem    Hex/Summ       0%         N/A       95%         3
 Teleport Other           Tloc           0%         N/A       95%         3
 Tukima's Dance           Hex            0%         N/A       95%         3
 Anguish                  Hex/Necr       0%         N/A       100%        4
 Animate Armour           Summ/Erth      0%         N/A       100%        4
 Iskenderun's Mystic Bla  Conj/Tloc      0%         2d3       100%        4
 Passage of Golubria      Tloc           0%         N/A       100%        4
 Petrify                  Tmut/Erth      0%         N/A       100%        4
 Blade Hands              Tmut           0%         N/A       100%        5
 Irradiate                Conj/Tmut      0%         3d11      100%        5
 Yara's Violent Unravell  Hex/Tmut       0%         3d3       100%        5
 Dragon Form              Tmut           0%         N/A       100%        7
 Lehudib's Crystal Spear  Conj/Erth      0%         10d2      100%        8


Dungeon Overview and Level Annotations

Branches:
Dungeon (11/15)            Temple (1/1) D:6            Lair (0/5) D:8
    Orc (0/2) D:11          Sewer (visited)         Gauntlet (visited)

Altars:
Ashenzari
Cheibriados
Dithmenos
Elyvilon
Fedhas
Gozag
Hepliaklqana
Kikubaaqudgha
Makhleb
Nemelex Xobeh
Okawaru
Qazlal
Ru
Sif Muna
Trog
Uskayaw
Vehumet
Wu Jian
Xom
Yredelemnul
Zin
The Shining One

Shops:
D:3 *   D:6 [   D:10 *


Innate Abilities, Weirdness & Mutations

You are too large for most types of armour.
You have claws for hands.
Your natural rate of healing is unusually fast.
You are covered in thick fur. (AC +2)
You have tough skin. (AC +1)
You possess an exceptional clarity of mind.
Your body is covered in eyes which may confuse attackers. (Acc +7, SInv)
Your rubbery body absorbs attacks. (AC +1, EV +1)
Armour fits poorly on your massive pseudopods.


Message History

* * * LOW HITPOINT WARNING * * *
Barbed spikes become lodged in your body.
The kobold brigand hits you with a +0 short sword.
* * * LOW HITPOINT WARNING * * *
You feel much better. The crimson imp hits you.
The eyeballs on your body gaze at the crimson imp.
You block the crimson imp's attack.
The red devil hits you from afar with a +1 trident of protection!!
* * * LOW HITPOINT WARNING * * *
Barbed spikes become lodged in your body.
The kobold brigand hits you with a +0 short sword.
* * * LOW HITPOINT WARNING * * *
The eyeballs on your body gaze at the kobold brigand.
You block the kobold brigand's attack.
You feel much better. The crimson imp closely misses you. x2
The red devil hits you from afar with a +1 trident of protection!!
* * * LOW HITPOINT WARNING * * *
You shudder from the blow and a jelly pops out!
Barbed spikes become lodged in your body.
The kobold demonologist barely misses you.
You block the kobold brigand's attack.
As you read the scroll of teleportation, it crumbles to dust.
You feel strangely unstable.
The crimson imp hits you but does no damage.
The crimson imp barely misses the kobold.
The red devil completely misses you. You block the quasit's attack. x2
The quasit closely misses you.
The kobold demonologist hits you with a +0 dagger of electrocution.
* * * LOW HITPOINT WARNING * * *
The kobold brigand barely misses the quasit.
You block the kobold brigand's attack.
You claw the kobold demonologist!
The kobold demonologist is heavily wounded.
Your quicksilver ooze barely misses the kobold. x2
You block the crimson imp's attack. The crimson imp misses you.
You block the quasit's attack. The quasit closely misses you.
The quasit claws you.
* * * LOW HITPOINT WARNING * * *
The red devil hits you from afar with a +1 trident of protection!!
You die...

#..8...>...8.....>.
##.................
#..(..............
##.........##....#
#.........# #...#
#.........# .###
### #....8....# #
#....####K..####
#....4K@5........
#.....K55...#####
#..>.4.KJ..##
#...........$
#..........###
#...........
#.....>...###
#.........#


You could see a kobold demonologist, a chaos spawn (summoned), a red devil
(summoned, ally target), 2 kobold brigands, a quasit (summoned), 2 crimson imps,
a kobold and a friendly quicksilver ooze (summoned).

Vanquished Creatures
  A reaper (Gauntlet)
  A minotaur (Gauntlet)
  Pikel (D:4)
  An orc sorcerer (D:11)
  An ice statue (Gauntlet)
  A smoke demon (Gauntlet)
  Maurice (D:8)
  Joseph (D:9)
  An unseen horror (D:10)
  A rime drake (Gauntlet)
  6 kobold demonologists
  A hellwing (Gauntlet)
  A troll (D:10)
  A red devil (Gauntlet)
  A hornet (D:8)
  Sigmund (D:6)
  A wyvern (D:9)
  13 yaks
  Grum (D:8)
  Eustachio (D:4)
  2 steam dragons
  Menkaure (D:6)
  2 two-headed ogre zombies (D:11)
  An acid dragon (D:9)
  2 water moccasins (D:7)
  2 orc warriors
  A sky beast (D:7)
  2 ice beasts (D:7)
  A black bear (D:7)
  4 wolves (D:8)
  2 ogres (D:5)
  2 kobold brigands
  4 bullfrogs
  A gnoll sergeant (D:5)
  A scorpion (D:4)
  9 wights
  8 killer bees
  A troll zombie (D:11)
  2 crimson imps (Gauntlet)
  2 howler monkeys (D:6)
  2 jellies (Sewer)
  3 orc priests
  Crazy Yiuf (D:6)
  3 gnoll boudas
  4 hounds
  3 iron imps (D:7)
  6 iguanas
  An orc wizard (D:9)
  5 ogre zombies (D:11)
  17 gnolls
  5 river rats
  6 adders
  A shadow imp (Gauntlet)
  2 ufetubi (D:7)
  2 worms
  3 dart slugs
  19 orcs
  7 ball pythons
  6 endoplasms
  2 giant cockroaches
  10 hobgoblins
  A quokka (D:2)
  13 bats
  5 frilled lizards
  4 goblins (D:1)
  A goblin skeleton (D:11)
  A goblin zombie (D:11)
  4 hobgoblin zombies (D:11)
  23 kobolds
  5 orc skeletons (D:11)
  13 orc zombies (D:11)
  12 rats
277 creatures vanquished.

Vanquished Creatures (collateral kills)
  A two-headed ogre (D:11)
  A cyclops (D:11)
  A shadow (D:11)
  2 yaks (D:11)
  An orc warrior (D:11)
  A phantom (D:11)
  3 orcs (D:11)
  A hobgoblin zombie (D:11)
11 creatures vanquished.

Vanquished Creatures (others)
  A cane toad (shapeshifter) (D:8)
  A rime drake (Gauntlet)
  A slime creature (D:8)
  Edmund (D:4)
  A scorpion (D:4)
  11 jellies
  2 killer bees (D:8)
  A crimson imp (D:9)
  An iguana (D:4)
  Ijyb (D:4)
  An adder (D:4)
  A white imp (D:9)
  An orc (D:6)
24 creatures vanquished.

Grand Total: 312 creatures vanquished

Notes
Turn   | Place    | Note
-------+----------+-------------------------------------------
     0 | D:1      | Eitelfritz the Troll Fighter began the quest for the Orb.
     0 | D:1      | Reached XP level 1. HP: 22/22 MP: 0/0
   105 | D:1      | Reached XP level 2. HP: 29/29 MP: 1/1
   412 | D:1      | Reached XP level 3. HP: 36/36 MP: 2/2
   577 | D:2      | Found a bloodstained altar of Trog.
   817 | D:2      | Reached XP level 4. HP: 44/44 MP: 3/3
  1058 | D:2      | Reached skill level 3 in Unarmed Combat
  1680 | D:3      | Reached XP level 5. HP: 50/50 MP: 4/4
  1689 | D:3      | Found a glowing drain.
  1696 | Sewer    | Entered a sewer
  1893 | Sewer    | Found a viscous altar of Jiyva.
  1918 | Sewer    | Became a worshipper of Jiyva Jemib the Shapeless
  2226 | D:3      | Found a broken altar of Ashenzari.
  2230 | D:3      | Saw a vision of the Shoals and the Snake Pit.
  2230 | D:3      | Noticed a snapping turtle
  2230 | D:3      | Noticed a merfolk siren
  2230 | D:3      | Noticed a wind drake
  2230 | D:3      | Noticed a sea snake
  2230 | D:3      | Noticed a naga mage
  2230 | D:3      | Noticed a naga
  2230 | D:3      | Noticed an anaconda
  2230 | D:3      | Noticed a naga sharpshooter
  2230 | D:3      | Noticed a black mamba
  2230 | D:3      | Noticed a black mamba
  2230 | D:3      | Noticed a black mamba
  2230 | D:3      | Noticed a black mamba
  2230 | D:3      | Noticed a naga sharpshooter
  2231 | D:3      | Noticed a wind drake
  2231 | D:3      | Noticed a naga sharpshooter
  2232 | D:3      | Noticed a mana viper
  2234 | D:3      | Reached * piety under Jiyva
  2451 | D:3      | Found Kugiram's General Store.
  2643 | D:4      | Noticed Pikel
  2643 | D:4      | Noticed a lemure
  2643 | D:4      | Noticed a lemure
  2643 | D:4      | Noticed a lemure
  2643 | D:4      | Noticed a lemure
  2653 | D:4      | Noticed Edmund
  2655 | D:4      | Killed Pikel
  2656 | D:4      | Reached skill level 5 in Unarmed Combat
  2656 | D:4      | Reached XP level 6. HP: 30/61 MP: 5/5
  2656 | D:4      | Reached XP level 7. HP: 33/67 MP: 6/6
  2662 | D:4      | Killed Edmund
  2672 | D:4      | Killed Ijyb
  2701 | D:4      | Noticed Eustachio
  2717 | D:4      | Killed Eustachio
  2718 | D:4      | Reached skill level 1 in Stealth
  3075 | D:5      | Entered Level 5 of the Dungeon
  3076 | D:5      | Reached ** piety under Jiyva
  3150 | D:5      | Reached skill level 6 in Unarmed Combat
  3158 | D:5      | Reached XP level 8. HP: 50/75 MP: 7/7
  3201 | D:5      | Reached skill level 5 in Shields
  3278 | D:5      | Found a shimmering blue altar of Sif Muna.
  3323 | D:5      | Found a sacrificial altar of Ru.
  3697 | D:5      | Reached skill level 7 in Unarmed Combat
  3818 | D:6      | Reached *** piety under Jiyva
  3823 | D:6      | Noticed Sigmund
  3856 | D:6      | Killed Sigmund
  4090 | D:6      | Noticed Menkaure
  4096 | D:6      | Found Koun's Armour Shoppe.
  4104 | D:6      | Reached skill level 5 in Dodging
  4109 | D:6      | Killed Menkaure
  4116 | D:6      | Reached XP level 9. HP: 65/84 MP: 8/8
  4134 | D:6      | Found a staircase to the Ecumenical Temple.
  4146 | D:6      | Gained mutation: Your rubbery body absorbs attacks. (AC +1,
                  | EV +1) [Jiyva's grace]
  4146 | D:6      | Gained mutation: Your pliable body absorbs attacks. (AC +2,
                  | EV +2) [Jiyva's grace]
  4146 | D:6      | Gained mutation: Your gelatinous body deflects attacks. (AC
                  | +3, EV +3) [Jiyva's grace]
  4146 | D:6      | Gained mutation: You are somewhat resistant to further
                  | mutation. [Jiyva's grace]
  4219 | D:6      | Found a runed translucent door.
  4220 | D:6      | Noticed Crazy Yiuf
  4598 | D:6      | Killed Crazy Yiuf
  4648 | Temple   | Entered the Ecumenical Temple
  4930 | D:7      | Reached skill level 8 in Unarmed Combat
  4963 | D:7      | Found a radiant altar of Vehumet.
  4992 | D:7      | Reached **** piety under Jiyva
  5122 | D:7      | Found a burning altar of Makhleb.
  5258 | D:7      | Reached skill level 9 in Unarmed Combat
  5271 | D:7      | Got the Teachings on the Unstable Wayfarer
  5356 | D:7      | Found a shadowy altar of Dithmenos.
  5489 | D:8      | Killed a cane toad
  5545 | D:8      | Noticed Grum
  5605 | D:8      | Killed Grum
  5822 | D:8      | Noticed Maurice
  5838 | D:8      | Killed Maurice
  5839 | D:8      | Reached XP level 10. HP: 93/93 MP: 9/9
  5866 | D:8      | Identified the +8 longbow "Xuyseema" {freeze, rF++ rN+}
  5866 | D:8      | Noticed a centaur warrior
  5866 | D:8      | Noticed a tengu warrior
  5868 | D:8      | Noticed a tengu warrior
  5870 | D:8      | Found a staircase to the Lair.
  5887 | D:8      | Noticed a two-headed ogre
  5899 | D:8      | Reached ***** piety under Jiyva
  6008 | D:8      | Reached skill level 10 in Unarmed Combat
  6034 | D:8      | Noticed a cyclops
  6460 | D:9      | Lost mutation: You are somewhat resistant to further
                  | mutation. [Jiyva's grace]
  6460 | D:9      | Lost mutation: Your gelatinous body deflects attacks. (AC
                  | +3, EV +3) [Jiyva's grace]
  6460 | D:9      | Lost mutation: Your pliable body absorbs attacks. (AC +2,
                  | EV +2) [Jiyva's grace]
  6460 | D:9      | Gained mutation: Your body has grown eyes which may confuse
                  | attackers. (Acc +3) [Jiyva's grace]
  6460 | D:9      | Gained mutation: Your body has grown many eyes which may
                  | confuse attackers. (Acc +5) [Jiyva's grace]
  6460 | D:9      | Gained mutation: Your body is covered in eyes which may
                  | confuse attackers. (Acc +7, SInv) [Jiyva's grace]
  6460 | D:9      | Gained mutation: You are covered in thick fur. (AC +2)
                  | [Jiyva's grace]
  6855 | D:9      | Noticed Joseph
  6866 | D:9      | Killed Joseph
  6867 | D:9      | Reached skill level 11 in Unarmed Combat
  6904 | D:9      | Noticed a sixfirhy
  7064 | D:9      | Found a basalt altar of Yredelemnul.
  7100 | D:10     | Entered Level 10 of the Dungeon
  7100 | D:10     | Found Orhyvyol's General Store.
  7107 | D:10     | Reached XP level 11. HP: 101/101 MP: 10/10
  7108 | D:10     | Bought a potion of curing for 45 gold pieces
  7108 | D:10     | Bought a potion of flight for 45 gold pieces
  7108 | D:10     | Bought a potion of degeneration for 15 gold pieces
  7303 | D:10     | Found a sparkling altar of Nemelex Xobeh.
  7652 | D:11     | Noticed a two-headed ogre
  7660 | D:11     | Killed a two-headed ogre
  7735 | D:11     | Found a gate leading to a gauntlet.
  7746 | Gauntlet | Entered a Gauntlet
  7746 | Gauntlet | Found a transporter.
  7746 | Gauntlet | Found a transporter.
  7765 | Gauntlet | Found a transporter.
  7765 | Gauntlet | Found a transporter.
  7769 | Gauntlet | Found a transporter.
  7769 | Gauntlet | Found a transporter.
  7791 | Gauntlet | Noticed a tengu warrior
  7795 | Gauntlet | Found a transporter.
  7799 | Gauntlet | Found a transporter.
  7801 | Gauntlet | Noticed a reaper
  7810 | Gauntlet | Found a transporter.
  7824 | Gauntlet | Found a transporter.
  7826 | Gauntlet | Found the +3 Mad Mage's Maulers {Infuse+∞ RegenMP Int-3}
  7838 | Gauntlet | Found a transporter.
  7842 | Gauntlet | Found a transporter.
  7894 | Gauntlet | Reached skill level 12 in Unarmed Combat
  8044 | Gauntlet | Killed a reaper
  8045 | Gauntlet | Reached skill level 5 in Fighting
  8102 | Gauntlet | Noticed a minotaur
  8122 | Gauntlet | Killed a minotaur
  8237 | D:11     | Found a staircase to the Orcish Mines.
  8237 | D:11     | Noticed an orc sorcerer
  8244 | D:11     | Noticed a sun demon
  8252 | D:11     | Killed an orc sorcerer
  8300 | D:11     | Gained mutation: Armour fits poorly on your pseudopods.
                  | [Jiyva's grace]
  8300 | D:11     | Gained mutation: Armour fits poorly on your large
                  | pseudopods. [Jiyva's grace]
  8300 | D:11     | Gained mutation: Armour fits poorly on your massive
                  | pseudopods. [Jiyva's grace]
  8300 | D:11     | Gained mutation: You possess an exceptional clarity of
                  | mind. [Jiyva's grace]
  8372 | D:11     | Reached skill level 13 in Unarmed Combat
  8383 | D:11     | Mangled by a red devil

Illustrated notes

Levels and vault maps discovered:
D:1:      dpeg_arrival_round_c, layout_rooms
D:2:      layout_basic, basic_altar
D:3:      layout_basic, grunt_ashenzari_visionary
          [grunt_ashenzari_visionary_shoals, grunt_ashenzari_visionary_snake],
          serial_shops, nicolae_shop_crystal, lightli_sewer_entry_pipes
D:4:      layout_cave_pools, minmay_strange_pillars, uniq_eustachio,
          uniq_edmund, uniq_pikel, uniq_ijyb
D:5:      layout_basic, mainiacjoe_overflow_boulevard,
          mainiacjoe_overflow_alcove_1
D:6:      layout_basic, minmay_temple_entry_sparse_star, serial_shops,
          kennysheep_mini, uniq_menkaure, uniq_crazy_yiuf_cottage, uniq_sigmund
D:7:      layout_rooms, old_standard_altar, demons_altar,
          nicolae_dithmenos_through_a_glass_darkly
D:8:      layout_gridville, lair_entry_dummy, minivault_12, uniq_grum,
          uniq_maurice
D:9:      layout_basic, general_overflow_altar, minmay_fire_ice_demons,
          uniq_joseph
D:10:     layout_cave_pools, mainiacjoe_overflow_cross_hatched, serial_shops,
          nicolae_stop_n_shop_1, minmay_misc_feat_room
D:11:     layout_rooms, zombieorc2_lemuel, gauntlet_entry_generic
Temple:   minmay_temple_curvy_branch

Skill      XL: |  1  2  3  4  5  6  7  8  9 10 11 |
---------------+----------------------------------+-----
Shields        | 3 4 5 6 7 8 |  8.2
Dodging        | 3 4 5 6 7 8 |  8.4
Unarmed Combat | 3 5 6 7 9 11 13 | 13.0
Fighting       | 3 4 5 |  5.1
Stealth        | 1 3 |  3.2

Action                   |  1- 3 |  4- 6 |  7- 9 | 10-12 || total
-------------------------+-------+-------+-------+-------++-------
Melee: Unarmed           |   101 |   143 |   338 |   367 ||   949
       Pseudopods        |       |       |       |    10 ||    10
 Fire: Sling             |       |       |       |     5 ||     5
Evoke: Wand              |       |       |     1 |       ||     1
  Use: Potion            |       |     1 |     1 |     3 ||     5
       Scroll            |       |       |    12 |     1 ||    13
 Stab: Sleeping          |     1 |       |       |       ||     1
       Confused          |       |       |       |    15 ||    15
Armor: Robe              |    76 |    56 |   130 |    48 ||   310
       Steam dragon scal |       |       |       |    91 ||    91
Dodge: Dodged            |    50 |    58 |   196 |   179 ||   483
Block: Kite shield       |    47 |    54 |   184 |   172 ||   457
